 Dungeon Sprint DCSS version 0.31-a0-142-g31f6795574 (webtiles) character file.

Game seed: 14604605330860403117

568 Conn the Arsonist (level 7, -7/43 HPs)
             Began as an Octopode Fire Elementalist on June 3, 2023.
             Mangled by a flying skull (8 damage)
             ... in the Dungeon (Sprint II: "The Violet Keep of Menkaure").
             The game lasted 00:07:27 (229 turns).

Conn the Arsonist (Octopode Fire Elementalist)       Turns: 229, Time: 00:07:28

Health: -7/43      AC:  1    Str:  8    XL:     7   Next: 33%
Magic:  9/17       EV: 15    Int: 19    God:
Gold:   243        SH:  0    Dex: 12    Spells: 10/20 levels left

rFire   . . .        b - +2 trident (venom)
rCold   . . .        (no shield)
rNeg    . . .        (helmet restricted)
rPois   .            (no amulet)
rElec   .            (no ring)
rCorr   .            (no ring)
SInv    .            (no ring)
Will    .....        (no ring)
Stlth   ++++         (no ring)
HPRegen 0.27/turn    (no ring)
MPRegen 0.15/turn    (no ring)
                     (no ring)

%: no teleportation
@: no status effects
A: almost no armour, amphibious, 8 rings, camouflage 1, gelatinous body 1,
(nimble swimmer 1), tentacles
a: no special abilities


You were in the Dungeon.
You visited 1 branch You collected 243 gold pieces.

Inventory:

Hand Weapons
 b - a +2 trident of venom (weapon)
Potions
 a - a potion of magic


   Skills:
 + Level 1.2 Fighting
 + Level 5.7 Dodging
 + Level 6.8 Stealth
 + Level 7.2 Spellcasting
 + Level 1.9 Conjurations
 + Level 2.6 Hexes
 + Level 11.2 Fire Magic


You had 10 spell levels left.
You knew the following spells:

 Your Spells              Type           Power      Damage    Failure   Level
a - Foxfire               Conj/Fire      100%       2x1d9     1%          1
b - Scorch                Fire           98%        2d9       1%          2
c - Inner Flame           Hex/Fire       33%        N/A       1%          3
d - Flame Wave            Conj/Fire      31%        2d9       7%          4

Your spell library contained the following spells:

 Spells                   Type           Power      Damage    Failure   Level
 Volatile Blastmotes      Fire/Tloc      56%        2d14      3%          3


Dungeon Overview and Level Annotations

Branches:
Dungeon (1/1)

Altars:

Annotations:
D Menkaure


Innate Abilities, Weirdness & Mutations

You cannot wear most types of armour.
You are amphibious.
You can wear up to eight rings at the same time.
Your skin changes colour to match your surroundings (Stealth+).
Your rubbery body absorbs attacks. (AC +1, EV +1)
((You are camouflaged when in or above water. (Stealth+)))
You have tentacles for arms and can constrict up to eight enemies at once.


Message History

The flying skull is heavily damaged.
The flame wave engulfs Menkaure!
Menkaure is burned terribly!
Flame seeps out of Menkaure.
Menkaure is heavily damaged.
The flame wave engulfs the flying skull.
The flying skull resists.
The flying skull is lightly damaged.
You finish channelling waves of flame.
You hear a shout!
The flying skull completely misses you.
A flying skull comes into view.
The flying skull hits you.
* * * LOW HITPOINT WARNING * * *
Unknown command.
Unknown command.
Unknown command.
Unknown command.
Unknown command.
Casting: Flame Wave (quite dangerous; 7% risk of failure)
Confirm with . or Enter, or press ? or * to list all spells.
Okay, then.
Unknown command.
Okay, then.
You aren't carrying any scrolls.
Unknown command.
Unknown command.
Casting: Flame Wave (quite dangerous; 7% risk of failure)
Confirm with . or Enter, or press ? or * to list all spells.
The spell is quite dangerous to miscast (7% risk of failure)!
Continue anyway?
Okay, then.
Unknown command.
Unknown command.
Casting: Flame Wave (quite dangerous; 7% risk of failure)
Confirm with . or Enter, or press ? or * to list all spells.
Aiming: Inner Flame (safe; 1% risk of failure)
Press: ? - help, Dir - move target, f - flying skull
Aim: a flying skull (heavily damaged, chance to affect: 86%)
The flying skull is filled with an inner flame.
The flying skull hits you!
You die... ##..... '3..○.≈ #○○○.○ #○z.○ #○☼z# zMz

##z## #.zz##
#..##@# #
####.## ##.
#+## #
#.B.##.###..#
#+.B.+s#
#.B$##.###s.#
##. ##B## # #
##.°.##
#..#○.#


You could see a neqoxec, Menkaure (inner flame) and 7 flying skulls.

Vanquished Creatures
  A merfolk siren (D)
  2 neqoxecs (D)
3 creatures vanquished.

Vanquished Creatures (others)
  A foxfire (D)
1 creature vanquished.

Grand Total: 4 creatures vanquished

Notes
Turn   | Place    | Note
-------+----------+-------------------------------------------
     0 | D        | Conn the Octopode Fire Elementalist began the quest for the
                  | Orb.
     0 | D        | Reached XP level 1. HP: 11/11 MP: 3/3
     1 | D        | Noticed a boulder beetle
     1 | D        | Noticed a boulder beetle
     4 | D        | Noticed a merfolk siren
     8 | D        | Noticed a neqoxec
    11 | D        | Noticed a scorpion
    11 | D        | Noticed a scorpion
    17 | D        | Killed a neqoxec
    18 | D        | Reached skill level 7 in Fire Magic
    18 | D        | Reached XP level 2. HP: 10/17 MP: 4/7
    18 | D        | Reached XP level 3. HP: 13/21 MP: 4/8
    18 | D        | Reached XP level 4. HP: 17/27 MP: 5/10
    18 | D        | Reached XP level 5. HP: 19/31 MP: 5/11
    57 | D        | Learned a level 2 spell: Scorch
    61 | D        | Learned a level 3 spell: Inner Flame
    66 | D        | Learned a level 4 spell: Flame Wave
    79 | D        | Killed a merfolk siren
    80 | D        | Reached skill level 1 in Fighting
    80 | D        | Reached skill level 5 in Dodging
    80 | D        | Reached skill level 10 in Fire Magic
    80 | D        | Reached XP level 6. HP: 9/38 MP: 5/15
    80 | D        | Reached XP level 7. HP: 10/43 MP: 5/17
   204 | D        | Noticed a neqoxec
   211 | D        | Killed a neqoxec
   212 | D        | Reached skill level 11 in Fire Magic
   221 | D        | Noticed a flying skull
   221 | D        | Noticed a flying skull
   221 | D        | Noticed a neqoxec
   221 | D        | Noticed a flying skull
   222 | D        | Noticed a flying skull
   222 | D        | Noticed Menkaure
   225 | D        | Noticed a flying skull
   226 | D        | Noticed a flying skull
   226 | D        | Noticed a flying skull
   228 | D        | Noticed a flying skull
   228 | D        | HP: 1/43 [flying skull (5)]
   229 | D        | Mangled by a flying skull

Illustrated notes

Levels and vault maps discovered:
D:        the_violet_keep_of_menkaure [sprint2_stairs_cluster_1,
          sprint2_shoproom, sprint2_temple, sprint2_basic_supplies,
          sprint2_obstacle_6, sprint2_obstacle_7, sprint2_obstacle_1,
          sprint2_obstacle_5, sprint2_obstacle_3, sprint2_timed_cluster_1,
          sprint2_smallroom_cluster_1, sprint2_smallroom_final_cluster_1,
          sprint2_transparent_cluster_1, sprint2_second_timed_cluster_1,
          sprint2_sniper_area_1, sprint2_heavy_combat_area_1,
          sprint2_mutation_trap_area_1, sprint2_forest_area_1,
          sprint2_light_combat_area_1, sprint2_behind_water_1,
          sprint2_near_end_vault_1]

Skill      XL: |  1  2  3  4  5  6  7 |
---------------+----------------------+-----
Dodging        | 3 5 |  5.7
Stealth        | 4 6 |  6.8
Spellcasting   | 4 6 7 |  7.2
Fire Magic     | 7 10 11 | 11.2
Fighting       | 1 |  1.2
Hexes          | 2 |  2.6
Conjurations   | |  1.9

Action                     |  1- 3 |  4- 6 |  7- 9 || total
---------------------------+-------+-------+-------++-------
  Melee: Unarmed           |     3 |       |       ||     3
         Tentacles         |     2 |       |       ||     2
         Constrict         |     1 |       |       ||     1
   Cast: Inner Flame       |       |     4 |     4 ||     8
         Scorch            |       |     2 |     1 ||     3
         Flame Wave        |       |       |     2 ||     2
         Foxfire           |       |       |     1 ||     1
    Use: Potion            |     2 |     3 |     1 ||     6
         Scroll            |       |       |     1 ||     1
  Dodge: Dodged            |     1 |     2 |     7 ||    10

Table legend: (Time is in decaauts)
 A = Elapsed time spent in this place.
 B = Non-inter-level travel time spent in this place.
 C = Inter-level travel time spent in this place.
 D = Time resting spent in this place.
 E = Time spent auto-exploring this place.
 F = Levels seen in this place.
 G = Mean time per level.
                   A        B        C        D        E       F      G
               +--------+--------+--------+--------+--------+-----+--------+
         Total |    225 |    225 |      0 |    149 |      0 |   1 |  225.0 |
       Dungeon |    225 |    225 |      0 |    149 |      0 |   1 |  225.0 |
               +--------+--------+--------+--------+--------+-----+--------+

Top non-repeatable levels by time:
       D: 225 daAuts
